 Dungeon Crawl Stone Soup version 0.21-a0-153-g78480df (webtiles) character file.

150 sagitran the Skirmisher (level 5, -7/42 HPs)
             Began as a Demonspawn Abyssal Knight on July 31, 2017.
             Was a Follower of Lugonu.
             Killed by divine providence
             ... invoked by an orc priest
              (13 damage)
             ... on level 3 of the Dungeon.
             The game lasted 00:08:47 (2670 turns).

sagitran the Skirmisher (Demonspawn Abyssal Knight) Turns: 2670, Time: 00:08:52

Health: -7/42      AC:  5    Str: 18    XL:     5   Next: 10%
Magic:  7/7        EV: 11    Int: 18    God:    Lugonu [*.....]
Gold:   96         SH:  0    Dex: 12    Spells: 4/4 levels left

rFire    . . .     SeeInvis .   a - +2 hand axe
rCold    . . .     Gourm    .   (no shield)
rNeg     . . .     Faith    .   b - +0 leather armour
rPois    .         Spirit   .   (no helmet)
rElec    .         Reflect  .   (no cloak)
rCorr    .         Harm     .   (no gloves)
MR       +....                  (no boots)
Stlth    +.........             (no amulet)
HPRegen  0.14/turn              e - ring of protection from magic
MPRegen  0.10/turn              k - +4 ring of intelligence

@: mighty
A: hooves 1, icy blue scales 1, rot immunity
a: Depart the Abyss, Renounce Religion


You were on level 3 of the Dungeon.
You worshipped Lugonu.
Lugonu was aware of your devotion.
You were not hungry.

You visited 1 branch of the dungeon, and saw 3 of its levels.
You visited the Abyss 1 time.

You collected 96 gold pieces.

Inventory:

Hand Weapons
 a - a +2 hand axe (weapon)
 n - a +0 dagger of venom
Armour
 b - a +0 leather armour (worn)
 o - a +0 ring mail
Jewellery
 e - a ring of protection from magic (left hand)
 k - a +4 ring of intelligence (right hand)
Wands
 r - a wand of enslavement (0/24)
Scrolls
 f - a scroll of fear {unknown}
 g - a scroll of teleportation {unknown}
 j - a scroll of magic mapping
 m - a scroll of identify {unknown}
 p - a scroll of remove curse {unknown}
Potions
 h - a potion of might
 i - a potion of lignification {unknown}
 l - a potion of brilliance {unknown}
 q - a potion of curing {unknown}
Comestibles
 c - 2 bread rations
 d - 5 fruits


   Skills:
 + Level 4.0 Fighting
 + Level 2.9 Axes
 + Level 2.8 Armour
 + Level 1.4 Dodging
 + Level 0.2 Stealth
 + Level 3.0 Invocations


You had 4 spell levels left.
You didn't know any spells.

Dungeon Overview and Level Annotations

Branches:
Dungeon (3/15)

Altars:
Elyvilon


Innate Abilities, Weirdness & Mutations

You have large cloven feet.
You are partially covered in icy blue scales. (AC +2)
You are immune to rotting.


Message History

* * * LOW HITPOINT WARNING * * *
It was a potion of might.
You feel very mighty all of a sudden. The orc misses you.
The orc hits you but does no damage.
The orc priest hits you with a flail of protection.
* * * LOW HITPOINT WARNING * * *
You slash the orc!
You kill the orc!
Lugonu accepts your kill.
You slash the orc priest! You hit the orc. The orc closely misses you.
The orc priest hits you with a flail of protection.
* * * LOW HITPOINT WARNING * * *
You completely miss the orc priest.
The orc priest is almost dead.
You slash the orc!
You kill the orc!
Lugonu accepts your kill.
The orc priest calls down the wrath of Beogh upon you.
Beogh smites you!
You die...

..##.......###.#
..(.........#..# #.#
#.##....... #.###....#..#
.# ###.#....(.)..# .#
##.......(##..###.# ...
##.†.......##.###..##...
##...........#.###.....###
...#.........#.#@S........
.............#.#o)..!.....
.###.........#.#..........
# #......................
####.#####.#...........
#....................
######...#####......######
.........# #..#....###
......#..# #..#.#....# #


You could see an orc priest and an adder.

Vanquished Creatures
  An orc priest (D:1)
  An orc wizard (D:1)
  An iguana (D:3)
  A gnoll (D:1)
  2 oozes
  2 worms
  3 dart slugs
  3 orcs
  A giant cockroach (D:3)
  5 goblins (D:1)
  2 hobgoblins (D:1)
  2 quokkas
  A ball python (D:1)
  4 bats
  2 frilled lizards
  6 kobolds
  A leopard gecko skeleton (D:3)
  2 rats
40 creatures vanquished.

Vanquished Creatures (others)
  A bat (D:2)
1 creature vanquished.

Grand Total: 41 creatures vanquished

Notes
Turn   | Place    | Note
-------+----------+-------------------------------------------
     0 | Abyss:1  | sagitran the Demonspawn Abyssal Knight began the quest for the Orb.
     0 | Abyss:1  | Reached XP level 1. HP: 18/18 MP: 2/2
     0 | D:1      | Escaped the Abyss
   191 | D:1      | Reached * piety under Lugonu
   360 | D:1      | Gained mutation: You are partially covered in icy blue scales. (AC +2) [demonic ancestry]
   360 | D:1      | Reached XP level 2. HP: 19/24 MP: 3/3
   787 | D:1      | Reached skill level 1 in Dodging
   840 | D:1      | Gained mutation: You have large cloven feet. [demonic ancestry]
   840 | D:1      | Reached XP level 3. HP: 11/30 MP: 3/5
  1256 | D:1      | Gained mutation: You are immune to rotting. [demonic ancestry]
  1256 | D:1      | Reached XP level 4. HP: 8/37 MP: 6/6
  1914 | D:2      | Found a white marble altar of Elyvilon.
  2320 | D:3      | Reached skill level 4 in Fighting
  2320 | D:3      | Reached XP level 5. HP: 24/42 MP: 7/7
  2670 | D:3      | Killed from afar by an orc priest

Vault maps used:
D:1:      dpeg_arrival_morbid_curiosity, minivault_23
D:2:      elyvilon_altar_4, minmay_misc_feat_room
D:3:      old_standard_altar, chequers_ecumenical_altar_simple_redux
Abyss:1:  evilmike_abyss_exit_14, evilmike_abyss_exit_mutagenic

Skill      XL: |  1  2  3  4 |
---------------+-------------+-----
Axes           | 2 |  2.9
Armour         | 2 |  2.8
Dodging        | 1 |  1.4
Invocations    | 3 |  3.0
Fighting       | 4 |  4.0
Stealth        | |  0.2

Action                   |  1- 3 |  4- 6 || total
-------------------------+-------+-------++-------
Melee: Hand axe          |    78 |    47 ||   125
       Kick              |     4 |    12 ||    16
       Dagger            |       |     2 ||     2
Invok: Depart the Abyss  |     1 |       ||     1
Evoke: Wand              |       |     3 ||     3
  Use: Scroll            |     1 |     1 ||     2
       Potion            |       |     1 ||     1
  Eat: Fruit             |     1 |       ||     1
       Bread ration      |       |     1 ||     1
Armor: Leather armour    |    24 |    15 ||    39
Dodge: Dodged            |    48 |    27 ||    75
